 Dungeon Crawl Stone Soup version 0.27-a0-1084-g78b3836a5f (webtiles) character file.

Game seed: 13719018838373867265

185040 scammafunk the Warrior (level 18, -7/183 HPs)
             Began as a Naga Fighter on Apr 26, 2021.
             Was a High Priest of Cheibriados.
             Mangled by an emperor scorpion (25 damage)
             ... on level 4 of the Spider Nest.
             The game lasted 02:32:32 (34629 turns).

scammafunk the Warrior (Naga Fighter)              Turns: 34629, Time: 02:32:32

Health: -7/183     AC: 43    Str: 46    XL:     18   Next: 43%
Magic:  0/28       EV:  7    Int: 26    God:    Cheibriados [*****.]
Gold:   2048       SH:  0    Dex: 27    Spells: 28/31 levels left

rFire    . . .     SeeInvis +   k - +13 scythe of Curses {drain, Drain}
rCold    . . .     Faith    .   (shield currently unavailable)
rNeg     + . .     Spirit   .   x - +2 robe "Fogol" {Str+5 Int+4}
rPois    +         Reflect  .   U - +2 hat {Stlth+}
rElec    .         Harm     .   z - +1 cloak
rCorr    .         Rampage  .   i - +2 pair of gloves
Will     ++...                  f - +10 Black Knight's barding {ponderous, rPois rN+}
Stlth    +++++.....             h - amulet of regeneration
HPRegen  0.00/turn              P - +4 ring of protection
MPRegen  0.21/turn              I - +4 ring of protection

@: about to teleport, very slow
A: AC +6, large, see invisible, deformed body, poison resistance, slowness 2,
spit poison 1, naga tail 2, thin skeletal structure 1, camouflage 1, sense
surroundings 1, inhibited regeneration
a: Spit Poison, Renounce Religion, Bend Time, Temporal Distortion, Slouch, Step
From Time


You were on level 4 of the Spider Nest.
You worshipped Cheibriados.
Cheibriados was extremely pleased with you.
You visited 6 branches of the dungeon, and saw 31 of its levels.
You also visited: Bailey.

You collected 3292 gold pieces.
You spent 1244 gold pieces at shops.

Inventory:

Hand Weapons
 k - the +13 scythe of Curses (weapon) {drain, Drain}
   (You found it on level 6 of the Dungeon)

   A truly terrible weapon, it drains the life of those it strikes.
   It drains your maximum health when unequipped.
Missiles
 l - 37 javelins
 v - 6 throwing nets
 D - 2 atropa-tipped darts
Armour
 f - the +10 Black Knight's barding (worn) {ponderous, rPois rN+}
   (You acquired it on level 3 of the Dungeon)

   It protects you from poison.
   It protects you from negative energy.
 i - a +2 pair of gloves (worn)
 x - the +2 robe "Fogol" (worn) {Str+5 Int+4}
   (You found it in a bailey)

   It affects your strength (+5).
   It affects your intelligence (+4).
 z - a +1 cloak (worn)
 G - +0 acid dragon scales
 U - a +2 hat of stealth (worn)
 Y - a +2 troll leather armour {Snorg}
Jewellery
 h - an amulet of regeneration (around neck)
 p - an amulet of magic regeneration
 B - an amulet of reflection
 I - a +4 ring of protection (right hand)
 P - a +4 ring of protection (left hand)
 T - the amulet of Tibbionise {RegenMP rPois Str-2 Slay+3}
   (You found it on level 2 of the Lair of Beasts)

   [amulet of magic regeneration]

   It increases your rate of magic regeneration.
   It affects your strength (-2).
   It affects your accuracy and damage with ranged weapons and melee attacks
   (+3).
   It protects you from poison.
 Z - a +6 ring of strength
Wands
 r - a wand of flame (20)
 s - a wand of charming (19)
 y - a wand of paralysis (16)
 J - a wand of mindburst (21)
 O - a wand of polymorph (19)
 X - a wand of iceblast (6)
Scrolls
 a - a scroll of holy word
 b - 2 scrolls of fog
 n - 10 scrolls of identify
 u - a scroll of fear
 C - 3 scrolls of silence
 E - a scroll of immolation
 M - 2 scrolls of magic mapping
 S - a scroll of amnesia
 V - a scroll of vulnerability
Potions
 c - 3 potions of ambrosia
 d - 3 potions of might
 e - 5 potions of flight
 g - 2 potions of brilliance
 j - 7 potions of invisibility
 m - 12 potions of lignification
 q - 9 potions of curing
 t - 2 potions of magic
 F - 6 potions of attraction
 K - 5 potions of resistance
 N - a potion of cancellation
Miscellaneous
 w - a phantom mirror
 H - a tin of tremorstones (2/2)


   Skills:
 + Level 16.6 Fighting
 - Level 6.2(12.0) Axes
 + Level 15.5(15.9) Polearms
 + Level 14.2 Armour
 - Level 5.5 Shields
 + Level 7.2 Spellcasting
 + Level 7.8 Conjurations
 - Level 9.7 Invocations


You had 28 spell levels left.
You knew the following spells:

 Your Spells              Type           Power      Damage    Failure   Level
a - Blink                 Tloc           N/A        N/A       10%         2
b - Corona                Hex            10%        N/A       6%          1

Your spell library contained the following spells:

 Spells                   Type           Power      Damage    Failure   Level
 Foxfire                  Conj/Fire      100%       2x1d9     1%          1
 Magic Dart               Conj           100%       1d8       1%          1
 Conjure Flame            Conj/Fire      29%        6-21      3%          3
 Dazzling Flash           Conj/Hex       58%        N/A       3%          3
 Stone Arrow              Conj/Erth      58%        3d10      3%          3
 Sandblast                Erth           18%        2d7       6%          1
 Sting                    Tmut/Pois      36%        1d4       6%          1
 Mephitic Cloud           Conj/Pois/Air  23%        N/A       6%          3
 Iskenderun's Battlesphe  Conj           50%        2d10      7%          5
 Call Imp                 Summ           9%         N/A       10%         2
 Ensorcelled Hibernation  Hex/Ice        18%        N/A       10%         2
 Passwall                 Tmut/Erth      7%         N/A       10%         2
 Poisonous Vapours        Pois/Air       18%        N/A       10%         2
 Slow                     Hex            9%         N/A       10%         2
 Sticky Flame             Conj/Fire      29%        2d5       12%         4
 Confusing Touch          Hex            9%         N/A       19%         3
 Ignite Poison            Fire/Tmut/Pois 9%         N/A       19%         3
 Inner Flame              Hex/Fire       9%         N/A       19%         3
 Tukima's Dance           Hex            9%         N/A       19%         3
 Fireball                 Conj/Fire      14%        3d8       34%         5
 Irradiate                Conj/Tmut      14%        3d18      34%         5
 Bolt of Magma            Conj/Fire/Erth 11%        4d7       50%         5
 Olgreb's Toxic Radiance  Pois           9%         N/A       52%         4
 Petrify                  Tmut/Erth      9%         N/A       52%         4
 Lee's Rapid Deconstruct  Erth           4%         3d6*      86%         5
 Iron Shot                Conj/Erth      14%        9d4       88%         6
 Orb of Destruction       Conj           25%        9d10      90%         7
 Blade Hands              Tmut           4%         N/A       100%        6
 Statue Form              Tmut/Erth      6%         N/A       100%        6
 Dragon Form              Tmut           4%         N/A       100%        7
 Spellforged Servitor     Conj/Summ      14%        N/A       100%        7


Dungeon Overview and Level Annotations

Branches:
Dungeon (15/15)            Temple (1/1) D:5            Lair (6/6) D:9
 Shoals (3/4) Lair:3       Spider (4/4) Lair:2        Slime (0/5) Lair:6
    Orc (2/2) D:11            Elf (0/3) Orc:2        Vaults (0/5) D:14
 Depths (0/5) D:15         Bailey (visited)

Altars:
Ashenzari
Cheibriados
Dithmenos
Elyvilon
Fedhas
Gozag
Hepliaklqana
Kikubaaqudgha
Makhleb
Nemelex Xobeh
Okawaru
Qazlal
Ru
Sif Muna
Trog
Uskayaw
Vehumet
Wu Jian
Xom
Yredelemnul
Zin
The Shining One
Jiyva

Shops:
D:11 (   Orc:2 (((!!

Annotations:
Lair:4 exclusion: oklob plant


Innate Abilities, Weirdness & Mutations

Your serpentine skin is tough. (AC +6)
You have supernaturally acute eyesight. (SInv)
Armour fits poorly on your strangely shaped body.
Your system is resistant to poisons. (rPois)
You cover ground very slowly.
You can spit poison.
You can use your snake-like lower body to constrict enemies.
You have a somewhat thin skeletal structure. (Dex +2, Stealth+)
Your skin changes colour to match your surroundings (Stealth+).
You passively map a small area around you.
You do not regenerate when monsters are visible.


Message History

The emperor scorpion convulses with pain.
The emperor scorpion is heavily wounded.
The jumping spider leaps!
The hornet stings you but does no damage.
The emperor scorpion stings you but does no damage.
The emperor scorpion claws you but does no damage.
The emperor scorpion barely misses you.
A ghost moth comes into view.
You closely miss the emperor scorpion.
The emperor scorpion is heavily wounded.
The hornet stings you but does no damage.
The emperor scorpion stings you!
* * * LOW HITPOINT WARNING * * *
The emperor scorpion claws you but does no damage. x2
The hornet stings you!
* * * LOW HITPOINT WARNING * * *
The ghost moth stares at you.
You feel your power leaking away.
As you read the scroll of teleportation, it crumbles to dust.
You feel strangely unstable. The hornet barely misses you.
The emperor scorpion stings you!
* * * LOW HITPOINT WARNING * * *
The emperor scorpion claws you but does no damage. x2
The ghost moth stares at you.
The hornet stings you but does no damage.
The jumping spider leaps!
The hornet stings you!
* * * LOW HITPOINT WARNING * * *
The emperor scorpion stings you but does no damage.
The emperor scorpion claws you but does no damage. x2
The ghost moth stares at you.
You feel your power leaking away. The hornet closely misses you.
The emperor scorpion stings you but does no damage.
The emperor scorpion claws you but does no damage. x2
The hornet stings you but does no damage.
You feel better.
The hornet stings you but does no damage.
The ghost moth stares at you. The emperor scorpion stings you!!
You die...

* ...#. *### ###...##..
#.......^^#^# #^....#..
,, .......#.^#.#
#........ ,,
.........##.#####^.#.....
,
............##..#.....#..
.........^^..............
,
.^.^.......^...#.........
≈≈≈≈≈..s#$^^...........#.
*
≈≈≈≈≈...@y#≈.........####
≈≈≈≈≈≈≈##s......#....##..
##≈≈≈≈s..sy............^.
,
##≈≈≈≈...^≈......#......
^ ,
##≈≈≈...≈^^..........^. ,
^ #≈≈≈....#.^#........#.
, ,
#≈≈≈...#^..........^.. ,
#≈≈≈....≈*...#.......# *
^ #≈≈≈...≈.##...^#......


You could see an emperor scorpion (drained), a ghost moth (invisible), an orb
spider, a hornet and a jumping spider.

Vanquished Creatures
  Arachne (Spider:3)
  Frances (D:12)
  Agnes (Spider:4)
  Gastronok (Lair:3)
  Roxanne (Shoals:1)
  2 ghost moths (Spider:4)
  An orc warlord (Orc:2)
  Aizul (Spider:3)
  3 emperor scorpions
  4 entropy weavers
  3 spark wasps
  A minotaur (Shoals:3)
  A merfolk javelineer (Shoals:3)
  A fire dragon (Lair:6)
  A merfolk impaler (Shoals:3)
  Snorg (Lair:3)
  Fannar (Lair:1)
  A vault guard (D:14)
  6 hydras
  A merfolk avatar (Shoals:2)
  A merfolk aquamancer (Shoals:1)
  Erolcha (D:13)
  3 boulder beetles
  An alligator snapping turtle (Shoals:3)
  4 centaur warriors
  8 two-headed ogres
  A satyr (Shoals:3)
  6 death yaks
  3 orc high priests (Orc:2)
  Urug (Lair:5)
  Nergalle (D:12)
  A fire crab (Lair:6)
  5 skeletal warriors (D:15)
  6 sea snakes
  5 orc knights
  3 oklob plants (Lair:1)
  Pikel (D:4)
  A necromancer (D:15)
  6 harpies
  A deep elf pyromancer (D:15)
  4 wizards (D:14)
  35 wolf spiders
  18 orb spiders
  6 orc sorcerers
  7 ugly things
  10 manticores
  5 cyclopes
  14 fauns
  6 merfolk sirens
  20 elephants
  A moth of wrath (Spider:1)
  8 black mambas
  7 water nymphs
  A naga mage (D:15)
  A torpor snail (Spider:1)
  3 molten gargoyles (Lair:6)
  9 cane toads
  15 komodo dragons
  A gargoyle (D:12)
  A kobold demonologist (D:12)
  8 rime drakes
  13 demonic crawlers
  11 merfolk
  A polar bear (Lair:4)
  7 meliai
  2 wind drakes
  5 trolls
  28 jumping spiders
  4 hornets
  Grinder (D:4)
  5 dream sheep
  8 blink frogs
  7 slime creatures
  8 snapping turtles
  59 redbacks
  Sigmund (D:4)
  5 wraiths
  A centaur simulacrum (D:15)
  32 tarantellas
  7 wyverns
  Grum (D:11)
  7 water elementals
  3 shadows
  41 yaks
  20 humans (D:14)
  5 basilisks
  2 steam dragons
  2 wargs (Orc:2)
  Menkaure (D:7)
  Edmund (D:4)
  4 hell hounds (Lair:6)
  Duvessa (D:7)
  An acid dragon (D:9)
  13 water moccasins
  3 ice beasts
  22 orc warriors
  A hornet zombie (D:7)
  3 black bears
  A necrophage (D:7)
  4 ogres
  18 centaurs
  12 wolves
  2 phantoms
  A lemure (D:4)
  14 bullfrogs
  2 kobold brigands
  9 gnoll sergeants
  4 wyvern zombies
  3 scorpions
  Dowan (D:7)
  10 killer bees
  A water moccasin skeleton (D:4)
  5 wights
  9 electric eels
  4 howler monkeys
  5 lava snakes (Lair:6)
  5 bullfrog zombies
  5 centaur zombies
  3 hounds
  7 jellies
  7 gnoll shamans
  A human zombie (D:6)
  5 centaur skeletons
  14 orc priests
  13 orc wizards
  A hound skeleton (D:4)
  2 mummies (D:6)
  A howler monkey zombie (D:9)
  23 gnolls
  6 adders
  A shadow imp (D:5)
  2 white imps (D:8)
  An adder skeleton (D:4)
  An adder zombie (D:5)
  4 worms
  A dart slug (D:2)
  71 orcs
  9 ball pythons
  5 bats
  17 endoplasms
  9 giant cockroaches
  6 hobgoblins
  11 jackals
  20 kobolds
  4 frilled lizards
  10 goblins
  5 rats
  A butterfly (Lair:2)
  A plant (Shoals:1)
985 creatures vanquished.

Vanquished Creatures (others)
  A ghost moth (Spider:4)
  52 fungi
  78 plants
  21 toadstools
152 creatures vanquished.

Grand Total: 1137 creatures vanquished

Notes
Turn   | Place    | Note
-------+----------+-------------------------------------------
     0 | D:1      | scammafunk the Naga Fighter began the quest for the Orb.
     0 | D:1      | Reached XP level 1. HP: 21/21 MP: 1/1
    82 | D:1      | Reached XP level 2. HP: 15/28 MP: 2/2
   372 | D:1      | Reached XP level 3. HP: 34/34 MP: 3/3
  1065 | D:2      | Reached XP level 4. HP: 42/42 MP: 4/4
  1706 | D:3      | Found a shimmering blue altar of Sif Muna.
  2066 | D:3      | Identified a scroll of acquirement
  2066 | D:3      | Acquired the +10 Black Knight's barding {ponderous, rPois
                  | rN+}
  2067 | D:3      | Found the +10 Black Knight's barding {ponderous, rPois rN+}
  2270 | D:3      | Reached XP level 5. HP: 46/50 MP: 5/5
  2275 | D:3      | Reached skill level 4 in Fighting
  2591 | D:3      | Found a faded altar of an unknown god.
  2825 | D:3      | Reached XP level 6. HP: 57/57 MP: 6/6
  3105 | D:4      | Noticed Grinder
  3117 | D:4      | Paralysed by Grinder for 6 turns
  3123 | D:4      | Killed Grinder
  3124 | D:4      | Reached XP level 7. HP: 40/66 MP: 7/7
  3250 | D:4      | Found a glowing golden altar of the Shining One.
  3471 | D:4      | Found a bloodstained altar of Trog.
  3524 | D:4      | Noticed Edmund
  3538 | D:4      | Killed Edmund
  3665 | D:4      | Reached skill level 5 in Fighting
  3713 | D:4      | Noticed Sigmund
  3734 | D:4      | Killed Sigmund
  3735 | D:4      | Reached XP level 8. HP: 71/74 MP: 8/8
  3809 | D:4      | Noticed Pikel
  3821 | D:4      | Killed Pikel
  3822 | D:4      | Reached skill level 5 in Axes
  3985 | D:4      | Identified the +8 quarterstaff "Hyes" {vorpal, rC- Will+
                  | Str+7 SInv}
  4097 | D:4      | Reached skill level 6 in Fighting
  4097 | D:4      | Reached skill level 5 in Shields
  4265 | D:4      | Reached skill level 5 in Armour
  4358 | D:5      | Entered Level 5 of the Dungeon
  4703 | D:5      | Reached XP level 9. HP: 79/82 MP: 9/9
  4714 | D:5      | Found a staircase to the Ecumenical Temple.
  4721 | Temple   | Entered the Ecumenical Temple
  5004 | Temple   | Became a worshipper of Ru the Awakened
  5336 | D:5      | Found a sparkling altar of Nemelex Xobeh.
  5731 | D:5      | Found a shadowy altar of Dithmenos.
  5916 | D:6      | Found the +13 scythe of Curses {drain, Drain}
  6065 | D:6      | Reached skill level 1 in Polearms
  6068 | D:6      | Found an opulent altar of Gozag.
  6163 | D:6      | Reached skill level 7 in Fighting
  6350 | D:6      | Found an ornate altar of the Wu Jian Council.
  6898 | D:6      | Found a basalt altar of Yredelemnul.
  7223 | D:7      | Reached XP level 10. HP: 84/96 MP: 10/10
  7260 | D:7      | Found a flagged portal.
  7306 | Bailey   | Entered a bailey
  7310 | Bailey   | Reached skill level 8 in Fighting
  7581 | Bailey   | Identified the +2 robe "Fogol" {Str+5 Int+4}
  8241 | D:7      | Reached skill level 5 in Polearms
  8598 | D:7      | Noticed Menkaure
  8600 | D:7      | Killed Menkaure
  8636 | D:7      | Noticed Duvessa
  8638 | D:7      | Noticed Dowan
  8642 | D:7      | Killed Duvessa
  8643 | D:7      | Killed Dowan
  8717 | D:7      | You fall into a shaft and drop 1 floor!
  8722 | D:8      | Found a broken altar of Ashenzari.
  8815 | D:8      | Reached skill level 9 in Fighting
  9131 | D:8      | Found a sand-covered staircase.
  9290 | D:8      | Found a shimmering altar of Xom.
  9491 | D:8      | Reached XP level 11. HP: 86/106 MP: 11/11
  9763 | D:8      | Found an iron altar of Okawaru.
 10139 | D:9      | Noticed a two-headed ogre
 10144 | D:9      | Killed a two-headed ogre
 10189 | D:9      | Noticed a two-headed ogre
 10194 | D:9      | Killed a two-headed ogre
 10387 | D:9      | Found a snail-covered altar of Cheibriados.
 10438 | D:9      | Fell from the grace of Ru
 10438 | D:9      | Became a worshipper of Cheibriados the Contemplative
 10493 | D:9      | Noticed a two-headed ogre
 10496 | D:9      | Killed a two-headed ogre
 10497 | D:9      | Reached skill level 10 in Fighting
 10631 | D:9      | Found a staircase to the Lair.
 10655 | D:9      | Reached * piety under Cheibriados
 10723 | D:9      | Gained mutation: Your skin changes colour to match your
                  | surroundings (Stealth+). [potion of mutation]
 10723 | D:9      | Gained mutation: Your tail ends in a poisonous barb.
                  | [potion of mutation]
 10723 | D:9      | Gained mutation: You passively map a small area around you.
                  | [potion of mutation]
 11144 | D:10     | Entered Level 10 of the Dungeon
 11228 | D:10     | Noticed a two-headed ogre
 11238 | D:10     | Killed a two-headed ogre
 11609 | D:10     | Reached ** piety under Cheibriados
 12009 | D:10     | Found a stormy altar of Qazlal.
 12014 | D:10     | Noticed a two-headed ogre
 12020 | D:10     | Killed a two-headed ogre
 12021 | D:10     | Reached XP level 12. HP: 115/118 MP: 12/12
 12169 | D:11     | Found a staircase to the Orcish Mines.
 12197 | D:11     | Reached *** piety under Cheibriados
 12198 | D:11     | Reached skill level 11 in Fighting
 12369 | D:11     | Noticed a two-headed ogre
 12374 | D:11     | Killed a two-headed ogre
 12517 | D:11     | Noticed Grum
 12528 | D:11     | Killed Grum
 12614 | D:11     | Noticed a two-headed ogre
 12619 | D:11     | Killed a two-headed ogre
 12624 | D:11     | Reached **** piety under Cheibriados
 12704 | D:11     | Found Neleblat's Antique Weapon Shop.
 12939 | D:12     | Identified the +11 falchion of Wariness {chaos, Drain Fly
                  | rCorr Dex+6}
 12975 | D:12     | Reached skill level 10 in Armour
 13089 | D:12     | Noticed Frances
 13104 | D:12     | Killed Frances
 13105 | D:12     | Reached skill level 10 in Polearms
 13420 | Lair:1   | Entered Level 1 of the Lair of Beasts
 13469 | Lair:1   | Noticed a seven-headed hydra
 13478 | Lair:1   | Killed a ten-headed hydra
 13479 | Lair:1   | Reached skill level 12 in Fighting
 13644 | Lair:1   | Noticed Fannar
 13654 | Lair:1   | Killed Fannar
 13655 | Lair:1   | Gained mutation: You can use your snake-like lower body to
                  | constrict enemies. [Naga growth]
 13655 | Lair:1   | Reached XP level 13. HP: 95/129 MP: 13/13
 14893 | Lair:2   | Found a hole to the Spider Nest.
 14923 | Lair:2   | Reached ***** piety under Cheibriados
 15001 | Lair:2   | Identified the amulet of Tibbionise {RegenMP rPois Str-2
                  | Slay+3}
 15487 | Lair:3   | Noticed Gastronok
 15488 | Lair:3   | Found a staircase to the Shoals.
 15495 | Lair:3   | Killed Gastronok
 15496 | Lair:3   | Reached skill level 13 in Fighting
 15860 | Lair:3   | Noticed Snorg
 15867 | Lair:3   | Killed Snorg
 16442 | Lair:4   | Found a blossoming altar of Fedhas.
 16492 | Lair:4   | Reached XP level 14. HP: 123/141 MP: 14/14
 17954 | Lair:5   | Noticed Urug
 17961 | Lair:5   | Killed Urug
 18485 | Lair:5   | Reached skill level 1 in Invocations
 18539 | Lair:5   | Reached skill level 14 in Fighting
 18576 | Lair:6   | Entered Level 6 of the Lair of Beasts
 18580 | Lair:6   | Found a runed translucent door.
 18580 | Lair:6   | Found a viscous altar of Jiyva.
 18580 | Lair:6   | Found a staircase to the Slime Pits.
 18727 | Lair:6   | Reached ****** piety under Cheibriados
 20118 | Lair:6   | Reached skill level 5 in Invocations
 20151 | Lair:6   | Reached XP level 15. HP: 73/151 MP: 15/19
 20384 | Lair:6   | Found a large runed translucent door.
 20385 | Lair:6   | Found a large runed translucent door.
 20912 | D:12     | Acquired 676 gold pieces
 20938 | D:12     | Noticed Nergalle
 20941 | D:12     | Killed Nergalle
 21170 | D:13     | Noticed Erolcha
 21174 | D:13     | Killed Erolcha
 21602 | D:13     | You fall into a shaft and drop 2 floors!
 21602 | D:15     | Entered Level 15 of the Dungeon
 21699 | D:14     | Identified the +9 war axe of the Unseen Realm {antimagic,
                  | +Rage MP+9}
 21720 | D:14     | Found a gate to the Vaults.
 23393 | D:15     | Found a staircase to the Depths.
 23472 | D:15     | HP: 6/152 [skeletal warrior/+0 trident[a skeletal warrior]
                  | (17)]
 24754 | Orc:1    | Entered Level 1 of the Orcish Mines
 24837 | Orc:2    | Entered Level 2 of the Orcish Mines
 24839 | Orc:2    | Noticed an orc warlord
 24844 | Orc:2    | Killed an orc warlord
 25034 | Orc:2    | Found Xoafefakui's Antique Weapon Boutique.
 25095 | Orc:2    | Reached skill level 15 in Fighting
 25097 | Orc:2    | Reached XP level 16. HP: 127/163 MP: 18/23
 25741 | Orc:2    | Found Vybewn's Weapon Boutique.
 25741 | Orc:2    | Found Mefraziw's Weapon Shoppe.
 25743 | Orc:2    | Found Tiefuhod's Distillery.
 25743 | Orc:2    | Found Iwae's Distillery.
 25751 | Orc:2    | Bought 2 potions of curing for 78 gold pieces
 25751 | Orc:2    | Bought a potion of lignification for 39 gold pieces
 25751 | Orc:2    | Bought a potion of invisibility for 104 gold pieces
 25751 | Orc:2    | Bought a potion of ambrosia for 104 gold pieces
 25751 | Orc:2    | Bought a potion of attraction for 39 gold pieces
 25751 | Orc:2    | Bought a potion of lignification for 39 gold pieces
 25751 | Orc:2    | Bought a potion of lignification for 39 gold pieces
 25751 | Orc:2    | Bought a potion of invisibility for 104 gold pieces
 25751 | Orc:2    | Bought 2 potions of flight for 78 gold pieces
 25751 | Orc:2    | Bought a potion of resistance for 130 gold pieces
 25753 | Orc:2    | Bought a potion of resistance for 140 gold pieces
 25753 | Orc:2    | Bought a potion of flight for 42 gold pieces
 25753 | Orc:2    | Bought a potion of invisibility for 112 gold pieces
 25753 | Orc:2    | Bought a potion of attraction for 42 gold pieces
 25753 | Orc:2    | Bought a potion of curing for 42 gold pieces
 25753 | Orc:2    | Bought a potion of curing for 42 gold pieces
 25753 | Orc:2    | Bought a potion of heal wounds for 70 gold pieces
 25772 | Orc:2    | Found a staircase to the Elven Halls.
 26008 | Orc:2    | Learned a level 2 spell: Blink
 26154 | Orc:2    | Found Xoafefakui's Antique Weapon Boutique.
 26204 | Orc:2    | Found Vybewn's Weapon Boutique.
 26204 | Orc:2    | Found Mefraziw's Weapon Shoppe.
 26206 | Orc:2    | Found Tiefuhod's Distillery.
 26206 | Orc:2    | Found Iwae's Distillery.
 26223 | Orc:2    | Found a staircase to the Elven Halls.
 26487 | Spider:1 | Entered Level 1 of the Spider Nest
 26753 | Spider:1 | HP: 6/163 [disintegration (27)]
 27189 | Spider:1 | Reached skill level 1 in Conjurations
 27200 | Spider:1 | Reached skill level 1 in Spellcasting
 27844 | Spider:1 | Lost mutation: Your tail ends in a poisonous barb. [potion
                  | of mutation]
 27844 | Spider:1 | Gained mutation: You do not regenerate when monsters are
                  | visible. [potion of mutation]
 27844 | Spider:1 | Gained mutation: You have a somewhat thin skeletal
                  | structure. (Dex +2, Stealth+) [potion of mutation]
 29162 | Spider:3 | Noticed Aizul
 29241 | Spider:3 | Noticed Arachne
 29249 | Spider:3 | Killed Arachne
 29335 | Spider:3 | Reached XP level 17. HP: 38/171 MP: 24/24
 29517 | Spider:3 | Killed Aizul
 29760 | Spider:3 | Reached skill level 5 in Conjurations
 29829 | Spider:3 | HP: 5/172 [redback (7)]
 30451 | Shoals:1 | Entered Level 1 of the Shoals
 30969 | Shoals:1 | Reached skill level 5 in Spellcasting
 31050 | Shoals:1 | Noticed Roxanne
 31068 | Shoals:1 | Killed Roxanne
 31650 | Shoals:2 | Reached skill level 16 in Fighting
 32122 | Shoals:2 | Reached skill level 15 in Polearms
 33174 | Shoals:3 | Found a hide-covered altar of Uskayaw.
 33215 | Shoals:3 | Identified the +4 fustibalus "Tyfubluc" {freeze, Stlth+}
 33277 | Shoals:3 | Learned a level 1 spell: Corona
 33944 | Spider:4 | Entered Level 4 of the Spider Nest
 33952 | Spider:3 | Reached XP level 18. HP: 156/182 MP: 27/27
 34058 | Spider:4 | Noticed Agnes
 34063 | Spider:4 | Killed Agnes
 34629 | Spider:4 | Mangled by an emperor scorpion

Illustrated notes

Levels and vault maps discovered:
D:1:      dpeg_arrival_prison, layout_rooms
D:2:      layout_loops_ring, minmay_pentomino_x2
D:3:      cheibrodos_fertilizer, layout_loops_ring,
          nicolae_overflow_crystal_walls,
          hellmonk_ecumenical_altar_prayer_group, dk_noncrumbling_3
D:4:      layout_loops_ring, bloody_trog, kennysheep_mini_moat, grunt_decor_cap,
          kennysheep_nub, chequers_serial_rivers_micro_c, minmay_crystal_water,
          minmay_misc_feat_more_columns, uniq_pikel, uniq_grinder, uniq_sigmund,
          uniq_edmund
D:5:      layout_loops_corners, nicolae_dithmenos_the_darkroom,
          nemelex_xobeh_ov_fountains_minmay, minmay_temple_entry_tees
D:6:      layout_loops_ring, nzn_wu_jian_contemplation,
          lemuel_mausoleum_altar_yredelemnul, lemuel_coloured_pillars_altar,
          minmay_microvault
D:7:      layout_gridville, enter_bailey_8, uniq_menkaure, uniq_duvessa
D:8:      wad_cavern_with_rooms, layout_basic, kennysheep_okawaru_gauntlet,
          brannock_xom_greatest_gift, cheibrodos_ashenzari_chains,
          nicolae_ossuary_entry_plus
D:9:      layout_irregular_city, pf_just_have_faith,
          due_lair_maze_entry_diamond, minmay_between
D:10:     layout_long_grid, nicolae_overflow_hidden_temple
D:11:     layout_rooms, hiddenorc2_lemuel, serial_shops, kennysheep_little_box,
          abandoned_shop, uniq_grum
D:12:     layout_roguey, uniq_nergalle, uniq_frances
D:13:     layout_basic, uniq_erolcha
D:14:     layout_big_octagon, grunt_vaults_entry_tiered,
          chequers_serial_rivers_large_a, portal_ice_cave_rime
D:15:     grunt_enter_depths_magical_seal, layout_grid_maze
Temple:   jpeg_temple_island
Lair:1:   layout_chaotic_city, grunt_megastairs_3, minmay_lair_oklob_chamber,
          serial_bayou_shore_b, uniq_fannar
Lair:2:   layout_long_grid, spider_nest_entry_rubble, hibernation_bobbens,
          infiniplex_staircase_pool, lemuel_fruit_fields
Lair:3:   layout_hall_layers, elwin_shoals_entry_rocks, gauntlet_entry_generic,
          uniq_gastronok, uniq_snorg
Lair:4:   layout_loops_ring, st_stairs_12, tgw_fedhas
Lair:5:   layout_gridlike, grunt_forest_small_clearing_treed, uniq_urug
Lair:6:   cheibrodos_lair_end_hotspot, layout_layer_cave, slime_altar_2
Shoals:1: layout_shoals, shoals_oasis, uniq_roxanne
Shoals:2: layout_shoals
Shoals:3: layout_shoals, regret_index_shoals_crete
Spider:1: layout_spider_delve, nicolae_spider_not_touching_you,
          hangedman_spider_tarantella_strand
Spider:2: layout_spider_delve
Spider:3: layout_spider_delve, nicolae_spider_circle_web,
          spiders_nest_hornet_nest, uniq_arachne, uniq_aizul
Spider:4: grunt_spider_rune_island, uniq_agnes
Orc:1:    layout_caves, roderic_batcave, sword_in_stone
Orc:2:    grunt_orc_tribal_feast, layout_caves, serial_shops, shop

Skill      XL: |  1  2  3  4  5  6  7  8  9 10 11 12 13 14 15 16 17 18 |
---------------+-------------------------------------------------------+-----
Shields        | 3 4 5 |  5.5
Armour         | 3 4 5 6 7 9 10 11 12 13 14 | 14.2
Axes           | 3 4 5 6 |  6.2
Fighting       | 4 5 6 7 9 10 12 13 14 15 16 | 16.6
Polearms       | 3 6 8 10 11 13 14 15 | 15.5
Invocations    | 5 9 |  9.7
Conjurations   | 4 7 |  7.8
Spellcasting   | 4 6 7 |  7.2

Action                   |  1- 3 |  4- 6 |  7- 9 | 10-12 | 13-15 | 16-18 || total
-------------------------+-------+-------+-------+-------+-------+-------++-------
Melee: War axe           |    99 |   119 |   142 |       |       |       ||   360
       Scythe            |       |       |    69 |   421 |   534 |   664 ||  1688
       Constrict         |       |       |       |       |    95 |   139 ||   234
Invok: Reject Sacrifices |       |       |     1 |       |       |       ||     1
       Slouch            |       |       |       |       |     7 |    10 ||    17
       Bend Time         |       |       |       |       |     1 |       ||     1
       Temporal Distorti |       |       |       |       |       |     5 ||     5
       Step From Time    |       |       |       |       |       |     1 ||     1
 Abil: Spit Poison       |       |     2 |       |       |     1 |     1 ||     4
Evoke: Wand              |       |       |       |       |       |    15 ||    15
  Use: Scroll            |       |    11 |     3 |     2 |    13 |    12 ||    41
       Potion            |       |       |     6 |     7 |     6 |     8 ||    27
 Stab: Sleeping          |       |       |       |     4 |    40 |    29 ||    73
       Invisible         |       |       |       |       |     4 |       ||     4
       Distracted        |       |       |       |       |       |     9 ||     9
Armor: Scale mail        |    52 |    81 |   151 |    85 |       |       ||   369
       Robe              |       |       |       |   366 |   431 |  1169 ||  1966
Dodge: Dodged            |    27 |    21 |    67 |   290 |   535 |   618 ||  1558
Block: Kite shield       |    65 |    74 |    84 |       |       |       ||   223

Table legend: (Time is in decaauts)
 A = Elapsed time spent in this place.
 B = Non-inter-level travel time spent in this place.
 C = Inter-level travel time spent in this place.
 D = Time resting spent in this place.
 E = Time spent auto-exploring this place.
 F = Levels seen in this place.
 G = Mean time per level.
                   A        B        C        D        E       F      G
               +--------+--------+--------+--------+--------+-----+--------+
         Total |  64361 |  59389 |   4972 |   4621 |  40778 |  32 | 2011.3 |
       Dungeon |  27133 |  24385 |   2748 |   1113 |  18514 |  15 | 1808.9 |
        Temple |    517 |    517 |      0 |      0 |    346 |   1 |  517.0 |
          Lair |  16746 |  15564 |   1182 |   1313 |  11619 |   6 | 2791.0 |
        Shoals |   6584 |   6207 |    377 |    814 |   2967 |   3 | 2194.7 |
   Spider Nest |   8598 |   8155 |    443 |   1226 |   3666 |   4 | 2149.5 |
  Orcish Mines |   3694 |   3473 |    221 |      0 |   3083 |   2 | 1847.0 |
        Bailey |   1087 |   1087 |      0 |    154 |    581 |   1 | 1087.0 |
               +--------+--------+--------+--------+--------+-----+--------+

Top non-repeatable levels by time:
  Lair:6: 4213 daAuts
    D:15: 3580 daAuts
   Orc:2: 3448 daAuts
Spider:3: 3301 daAuts
Spider:1: 2925 daAuts
  Lair:2: 2720 daAuts
  Lair:4: 2623 daAuts
  Lair:1: 2534 daAuts
Shoals:2: 2481 daAuts
  Lair:5: 2336 daAuts
  Lair:3: 2318 daAuts
Shoals:3: 2222 daAuts
     D:9: 2138 daAuts
    D:14: 2138 daAuts
    D:10: 2112 daAuts
